 Dungeon Crawl Stone Soup version 0.30.0-29-ga12c61a403 (webtiles) character file.

Game seed: 8621625517149803925

13675 Tirrikindir the Protected (level 12, -26/76 HPs)
             Began as a Gargoyle Berserker on May 14, 2023.
             Was a High Priest of Trog.
             Killed from afar by a fire giant (53 damage)
             ... with a bolt of fire
             ... on level 11 of the Dungeon on June 7, 2023.
             The game lasted 00:34:44 (10796 turns).

Tirrikindir the Protected (Gargoyle Berserker)     Turns: 10796, Time: 00:34:45

Health: -26/76     AC: 30    Str: 23    XL:     12   Next: 8%
Magic:  21/21      EV:  8    Int:  9    God:    Trog [*****.]
Gold:   862        SH: 10    Dex: 14    Spells: 11/11 levels left

rFire   . . .        j - +5 trident "Rour" {speed, MP+9 Dex+3}
rCold   . . .        o - +0 kite shield
rNeg    + + .        p - +3 plate armour
rPois   ∞            (no helmet)
rElec   +            h - +0 cloak {Stlth+}
rCorr   .            i - +0 pair of gloves
SInv    +            t - +0 pair of boots
Will    .....        F - amulet of faith Stlth
                     a - ring of see invisible
HPRegen 0.32/turn    H - ring of positive energy
MPRegen 0.17/turn

%: faith
@: studying Polearms
A: sickness immunity, AC +8, negative energy resistance 1, electricity
resistance, torment resistance 1, petrification resistance
a: Renounce Religion, Berserk, Trog's Hand, Brothers in Arms


You were on level 11 of the Dungeon.
You worshipped Trog.
Trog was extremely pleased with you.
You visited 2 branches of the dungeon, and saw 12 of its levels.
You also visited: Sewer and Ossuary.

You collected 862 gold pieces.

Inventory:

Hand Weapons
 b - a +1 whip
 j - the +5 trident "Rour" (weapon) {speed, MP+9 Dex+3}
   (You found it on level 3 of the Dungeon)

   Dex:       It affects your dexterity (+3).
   MP:        It affects your magic capacity (+9).
 A - a +2 demon blade of electrocution
 E - a +9 demon whip of flaming
Missiles
 c - 16 boomerangs (quivered)
Armour
 h - a +0 cloak of stealth (worn)
 i - a +0 pair of gloves (worn)
 o - a +0 kite shield (worn)
 p - a +3 plate armour (worn)
 t - a +0 pair of boots (worn)
 D - +0 acid dragon scales
Jewellery
 a - a ring of see invisible (left hand)
 s - a ring of fire
 F - an amulet of faith (around neck)
 H - a ring of positive energy (right hand)
Wands
 f - a wand of paralysis (15)
 l - a wand of flame (64)
Scrolls
 e - 4 scrolls of enchant armour
 k - 4 scrolls of vulnerability
 n - 4 scrolls of fog
 q - a scroll of enchant weapon
 v - a scroll of poison
 x - 2 scrolls of blinking
 y - 4 scrolls of teleportation
 B - 5 scrolls of fear
 G - 2 scrolls of identify
Potions
 d - 7 potions of curing
 g - 3 potions of heal wounds
 m - a potion of cancellation
 r - 3 potions of berserk rage
 u - 2 potions of might
 w - 3 potions of flight
 z - 3 potions of ambrosia
 C - a potion of mutation


   Skills:
 * Level 9.4 Fighting
 - Level 8.0 Maces & Flails
 * Level 9.7 Polearms
 - Level 3.0 Throwing
 * Level 9.8 Armour
 + Level 5.4 Dodging
 * Level 6.6 Shields
 + Level 4.8 Evocations


You had 11 spell levels left.
You didn't know any spells.
Your spell library was empty.

Dungeon Overview and Level Annotations

Branches:
Dungeon (11/15)            Temple (1/1) D:7            Lair (0/5) D:11
    Orc (0/2) D:9           Sewer (visited)         Ossuary (visited)

Altars:
Ashenzari
Cheibriados
Dithmenos
Elyvilon
Fedhas
Gozag
Hepliaklqana
Kikubaaqudgha
Makhleb
Nemelex Xobeh
Okawaru
Qazlal
Ru
Sif Muna
Trog
Uskayaw
Vehumet
Wu Jian
Xom
Yredelemnul
Zin
The Shining One

Shops:
D:8 *


Innate Abilities, Weirdness & Mutations

You are immune to sickness and miasma.
Your stone body is resilient. (AC +8)
You are immune to poison.
You resist negative energy. (rN+)
You are resistant to electric shocks. (rElec)
You are resistant to unholy torment.
You are immune to petrification.


Message History

You puncture the river rat!
The river rat is severely wounded.
The river rat closely misses you.
You hit the river rat.
The river rat is almost dead.
You hit the river rat but do no damage.
The river rat is almost dead.
You block the river rat's attack.
You hit the river rat.
You kill the river rat!
Trog accepts your kill.
You start resting.
HP restored.
A tengu reaver is nearby!
The tengu reaver shouts!
The tengu reaver points at you and mumbles some strange words.
The bolt of acid hits you!! The acid corrodes you!
The fire giant gestures at you while chanting.
The bolt of fire hits you! The fire giant casts a spell at you.
The bolt of fire hits you!
There is a stone staircase leading up here.
The fire giant points at you and mumbles some strange words.
The bolt of fire misses you.
You climb upwards.
There is a stone staircase leading down here.
You are no longer corroded.
There is a stone staircase leading down here.
You start resting.
HP restored.
You climb downwards.
The fire giant casts a spell at you. The bolt of fire hits you!!!
Ouch! That really hurt!
There is a stone staircase leading up here.
The phantasmal warrior hits you but does no damage.
The fire giant points at you and mumbles some strange words.
The bolt of fire hits you!!!
Ouch! That really hurt!
You die...

#........# #.# #.# #.#
#........# #.# #.# #.#
#........# #.# #.#
#.###### #........## #.#
#.# #......#
..#..#....####.####.#
######.#
#.#..#...........##.# #.#
#..............#.##.# #.#
.........######...#.######
#.# .......###
##.C@........# #.####
..>..########...W..#####.#
#.....
#...####....#......# #.#
######
#.###.......[.#.<.##
#.########
###.........#.#####
#......... ####'########Q#
#####.#######. #.#..[# #.#
#.....# #. #.÷..##§ #.#
#.###.# #. ..#.##C #.# #.#
#.## #####


You could see a fire giant and a phantasmal warrior.

Vanquished Creatures
  A two-headed ogre (D:8)
  A boulder beetle (D:11)
  3 death yaks (D:11)
  Amaemon (D:11)
  A deep elf pyromancer (D:11)
  A salamander (shapeshifter) (D:11)
  Joseph (D:8)
  A gargoyle (D:11)
  An orange demon (D:11)
  A rime drake (shapeshifter) (D:11)
  2 trolls
  A wyvern (D:8)
  Sigmund (D:5)
  2 wraiths (Ossuary)
  10 yaks
  A basilisk (D:11)
  2 steam dragons
  Eustachio (D:5)
  Edmund (D:5)
  2 acid dragons
  A water moccasin (D:5)
  3 orc warriors
  3 sky beasts
  2 black bears
  2 ice beasts
  3 ogres
  3 centaurs
  2 phantoms (D:4)
  4 kobold brigands
  A gnoll sergeant (D:6)
  6 bullfrogs
  2 scorpions
  2 wights (Ossuary)
  19 killer bees
  10 howler monkeys
  A jelly (D:6)
  5 orc priests
  3 hounds
  A gnoll bouda (D:5)
  4 hell rats (D:11)
  4 iguanas
  A sleepcap (D:5)
  9 orc wizards
  A hound zombie (D:3)
  2 mummies
  12 gnolls
  15 adders
  A river rat (D:11)
  3 adder zombies
  4 worms
  4 dart slugs
  45 orcs
  7 bats
  9 endoplasms
  10 giant cockroaches
  3 goblins
  4 hobgoblins
  4 jackals (D:5)
  24 kobolds
  2 quokkas
  13 ball pythons
  A ball python zombie (D:3)
  3 frilled lizards
  A goblin zombie (D:5)
  2 hobgoblin skeletons (Ossuary)
  3 hobgoblin zombies
  2 orc skeletons (Ossuary)
  An orc zombie (Ossuary)
  6 rats
308 creatures vanquished.

Notes
Turn   | Place    | Note
-------+----------+-------------------------------------------
     0 | D:1      | Tirrikindir the Gargoyle Berserker began the quest for the
                  | Orb.
     0 | D:1      | Reached XP level 1. HP: 14/14 MP: 1/1
   230 | D:1      | Reached XP level 2. HP: 17/19 MP: 2/2
   276 | D:1      | Found a faded altar of an unknown god.
   405 | D:1      | Reached XP level 3. HP: 23/23 MP: 3/3
  1088 | D:2      | Reached ** piety under Trog
  1282 | D:2      | Reached XP level 4. HP: 29/29 MP: 4/4
  1650 | D:3      | Identified the +5 trident "Rour" {speed, MP+9 Dex+3}
  1677 | D:3      | Found a hazy altar of Hepliaklqana.
  1800 | D:3      | Found a glowing drain.
  1816 | Sewer    | Entered a sewer
  1845 | Sewer    | Reached XP level 5. HP: 29/33 MP: 5/5
  1852 | Sewer    | Noticed a kobold brigand
  1864 | Sewer    | Killed a kobold brigand
  1949 | Sewer    | Noticed a kobold brigand
  1970 | Sewer    | Killed a kobold brigand
  1971 | Sewer    | Reached skill level 5 in Maces & Flails
  1971 | Sewer    | Reached XP level 6. HP: 38/38 MP: 6/6
  2245 | D:3      | Reached *** piety under Trog
  2409 | D:3      | Found a basalt altar of Yredelemnul.
  2931 | D:4      | Reached XP level 7. HP: 42/43 MP: 7/7
  3744 | D:4      | Reached skill level 5 in Armour
  3759 | D:5      | Entered Level 5 of the Dungeon
  3839 | D:5      | Reached XP level 8. HP: 41/48 MP: 8/8
  3887 | D:5      | Noticed Eustachio
  3940 | D:5      | Reached skill level 1 in Polearms
  3940 | D:5      | Reached skill level 1 in Throwing
  3940 | D:5      | Reached skill level 1 in Evocations
  3971 | D:5      | Killed Eustachio
  3971 | D:5      | Reached **** piety under Trog
  4105 | D:5      | Noticed Sigmund
  4112 | D:5      | Killed Sigmund
  4113 | D:5      | Reached skill level 5 in Fighting
  4225 | D:5      | Found a radiant altar of Vehumet.
  4254 | D:5      | Found a sand-covered staircase.
  4261 | Ossuary  | Entered an ossuary
  4368 | Ossuary  | Noticed a wraith
  4368 | Ossuary  | Noticed a flying skull
  4380 | Ossuary  | Noticed a wraith
  4385 | Ossuary  | Killed a wraith
  4386 | Ossuary  | Reached XP level 9. HP: 54/54 MP: 9/9
  4870 | D:5      | Noticed Edmund
  4889 | D:5      | Killed Edmund
  5240 | D:6      | Found an ornate altar of the Wu Jian Council.
  5254 | D:6      | Reached skill level 5 in Polearms
  5828 | D:7      | Reached skill level 1 in Shields
  5859 | D:7      | Found a snail-covered altar of Cheibriados.
  5899 | D:7      | Reached XP level 10. HP: 55/61 MP: 10/10
  5961 | D:7      | Found a staircase to the Ecumenical Temple.
  5971 | Temple   | Entered the Ecumenical Temple
  6119 | D:7      | Found an opulent altar of Gozag.
  6530 | D:7      | Found a shimmering blue altar of Sif Muna.
  6635 | D:8      | Noticed Joseph
  6649 | D:8      | Killed Joseph
  6810 | D:8      | Found Zin's Purification Station.
  6812 | D:8      | Found a glowing silver altar of Zin.
  6962 | D:8      | Noticed a two-headed ogre
  6973 | D:8      | Killed a two-headed ogre
  8233 | D:9      | Found a shimmering altar of Xom.
  8265 | D:9      | Reached XP level 11. HP: 68/68 MP: 11/11
  8280 | D:9      | Found a staircase to the Orcish Mines.
  8292 | D:9      | Reached ***** piety under Trog
  8572 | D:9      | Upgraded the game from 0.30.0-10-gfe55d96785 to
                  | 0.30.0-29-ga12c61a403
  8590 | D:10     | Entered Level 10 of the Dungeon
  8615 | D:10     | Received a gift from Trog
  8668 | D:10     | Identified the +0 leather armour of Fayschacw {rElec Str+4}
  8771 | D:10     | Reached skill level 5 in Shields
  8867 | D:10     | Reached skill level 5 in Dodging
  9179 | D:11     | Noticed a deep elf pyromancer
  9187 | D:11     | Killed a deep elf pyromancer
  9615 | D:11     | Noticed a death yak
  9626 | D:11     | Noticed a death yak
  9631 | D:11     | Noticed a death yak
  9674 | D:11     | Killed a death yak
  9684 | D:11     | Killed a death yak
  9699 | D:11     | Killed a death yak
 10047 | D:11     | Noticed Amaemon
 10064 | D:11     | Killed Amaemon
 10111 | D:11     | Found a staircase to the Lair.
 10254 | D:11     | Noticed a salamander
 10254 | D:11     | Noticed a boulder beetle
 10266 | D:11     | Killed a salamander
 10309 | D:11     | Killed a boulder beetle
 10310 | D:11     | Reached XP level 12. HP: 24/76 MP: 12/12
 10493 | D:11     | Noticed a tengu reaver
 10493 | D:11     | Noticed a sphinx
 10497 | D:11     | Noticed a hell knight
 10502 | D:11     | Noticed a fire giant
 10796 | D:11     | Killed from afar by a fire giant

Illustrated notes

Levels and vault maps discovered:
D:1:      dpeg_arrival_stone_temple_mockup, layout_basic,
          dreamdust_ecumenical_altar_angels_and_demons,
          chequers_serial_rivers_large_a, amcnicky_mini_corridor_feature
D:2:      layout_loops_corners, serial_glass, glass_columns_a, glass_columns_a
D:3:      minmay_chambers_of_twos, layout_rooms,
          nicolae_yredelemnul_corpse_copse, lemuel_coloured_pillars_altar,
          portal_sewer_entry_f
D:4:      layout_cave_pools, serial_co_window_serial, co_window_corner_a,
          co_window_paths_b, co_window_of_opportunity_a, co_window_paths_a,
          co_window_paths_a, co_window_paths_a, co_window_unsneaky_path_b,
          co_window_broadway_c, co_window_2corner, co_window_of_opportunity_b,
          co_window_cross_4, glass_columns_b, glass_columns_a, glass_columns_b,
          minmay_snake_closets
D:5:      layout_loops_ring, lemuel_round_altar, nicolae_ossuary_entry_giza,
          minmay_manual_mess, uniq_sigmund, uniq_edmund, uniq_eustachio
D:6:      layout_basic, mainiacjoe_overflow_small_starburst
D:7:      layout_basic, chei_slow_surprise, lemuel_blue_sif_altar,
          amcnicky_altar_gilded, minmay_temple_entry_mini_moons,
          corexii_checkpoint_a
D:8:      cheibrodos_quashed, layout_layer_cave, zin_purify, uniq_joseph
D:9:      layout_rooms, xom_teletrap_fun, david_orc_3
D:10:     layout_rooms
D:11:     minmay_sliced_demisemicircle, layout_loops_ring, dpeg_lair_monsters,
          kennysheep_cross_room, uniq_amaemon
Temple:   nicolae_temple_god_jail

Skill      XL: |  1  2  3  4  5  6  7  8  9 10 11 |
---------------+----------------------------------+-----
Dodging        | 2 3 4 5 |  5.4
Maces & Flails | 4 5 7 8 |  8.0
Armour         | 3 4 5 6 7 8 9 |  9.8
Fighting       | 4 5 6 8 9 |  9.4
Polearms       | 3 5 7 9 |  9.7
Throwing       | 1 2 3 |  3.0
Evocations     | 1 2 3 4 |  4.8
Shields        | 1 4 6 |  6.6

Action                     |  1- 3 |  4- 6 |  7- 9 | 10-12 || total
---------------------------+-------+-------+-------+-------++-------
  Melee: Mace              |    37 |       |       |       ||    37
         Whip              |    93 |    33 |    19 |       ||   145
         Punch             |     1 |       |     2 |       ||     3
         Trident           |       |   202 |   326 |   565 ||  1093
  Throw: Boomerang         |       |     1 |     3 |     2 ||     6
 Invoke: Berserk           |     1 |     2 |     7 |    12 ||    22
  Evoke: Wand              |       |       |     1 |     2 ||     3
    Use: Scroll            |     4 |     5 |     6 |     5 ||    20
         Potion            |       |     6 |     1 |     3 ||    10
 Armour: Ring mail         |    55 |       |       |       ||    55
         Plate armour      |    15 |   161 |   233 |   286 ||   695
  Dodge: Dodged            |    76 |    62 |   158 |   132 ||   428
  Block: Kite shield       |       |       |     9 |   214 ||   223
